[Event "42nd Olympiad Baku 2016 Women"]
[Site "Baku"]
[Date "2016.09.08"]
[Round "6.1"]
[White "Kigeni, Grace"]
[Black "shaikha Abdallah Aldhaheri"]
[Result "1/2-1/2"]
[ECO "A48"]
[WhiteElo "1632"]
[BlackElo "1495"]
[Annotator ""]
[PlyCount "81"]
[EventDate "2016.??.??"]
[EventType "team-tourn"]
[EventCountry "AZE"]
[SourceTitle "playchess.com"]
[Source "ChessBase"]
[WhiteTeam "Uganda"]
[BlackTeam "United Arab Emirates"]
[WhiteTeamCountry "UGA"]
[BlackTeamCountry "UAE"]
[TimeControl "40/5400+30:1800+30"]

1. Nf3 {(00:00} Nf6 {(00:00} 2. d4 {(00:00} g6 {
(00:09} 3. e3 {(00:02} Bg7 {(00:17} 4. Nbd2 {(
00:34} d5 {(01:46} 5. Bd3 {(01:01} O-O {(01:47} 6. O-O
{(00:42} Nbd7 {(05:56} 7. c3 {(04:15} c5 {(03:
15} 8. Qc2 {(08:08} Qc7 {(06:23} 9. Re1 {(11:35} e5 {
(23:26} 10. dxe5 {(03:19} Nxe5 {(00:12} 11. Nxe5 {
(02:35} Qxe5 {(00:09} 12. e4 {(07:16} Re8 {(10:
20} 13. Nf3 {(05:37} Qc7 {(04:26} 14. exd5 {(10:26}
Rxe1+ {(02:46} 15. Nxe1 {(00:12} Nxd5 {(00:15} 16. Bg5
{(03:56} Be6 {(09:58} 17. Nf3 {(06:18} Re8 {(04:
38} 18. Rd1 {(05:46} a6 {(04:18} 19. Qd2 {(06:53} Nf6
{(05:44} 20. Bf4 {(07:13} Qc8 {(04:55} 21. c4 {(
02:35} Bf5 {(04:24} 22. Bxf5 {(03:13} Qxf5 {(00:05}
23. b3 {(02:25} Qe6 {(03:37} 24. Re1 {(01:42} Qd7 {
(01:17} 25. Qxd7 {(02:03} Rxe1+ {(00:03} 26. Nxe1 {
(00:09} Nxd7 {(00:01} 27. Nd3 {(00:34} Bd4 {(01:
11} 28. Bd6 {(01:07} f5 {(01:20} 29. Kf1 {(01:14} Kf7
{(00:07} 30. Ke2 {(01:35} Ke6 {(00:06} 31. Bc7 {
(00:43} Nf6 {(01:32} 32. Bb6 {(01:19} Nd7 {(00:
59} 33. Bc7 {(00:24} Nf6 {(00:27} 34. Bb6 {(00:54} Nd7
{(00:12} 35. Bc7 {(00:35} Nf6 {(00:10} 36. Bd8 {
(00:35} Ne4 {(00:42} 37. Bb6 {(00:42} Kd6 {(00:
39} 38. Ba5 {(00:45} b5 {(00:46} 39. cxb5 {(00:11}
axb5 {(00:02} 40. Be1 {(00:00} b4 {(00:00} 41. h3 {
(10:56} 1/2-1/2

[Event "42nd Olympiad Baku 2016 Women"]
[Site "Baku"]
[Date "2016.09.08"]
[Round "6.4"]
[White "Kim, Yubin"]
[Black "Manar, Khalil"]
[Result "0-1"]
[ECO "B33"]
[WhiteElo "1660"]
[BlackElo "1725"]
[Annotator ""]
[PlyCount "118"]
[EventDate "2016.??.??"]
[EventType "team-tourn"]
[EventCountry "AZE"]
[SourceTitle "playchess.com"]
[Source "ChessBase"]
[WhiteTeam "Korea"]
[BlackTeam "Syria"]
[WhiteTeamCountry "KOR"]
[BlackTeamCountry "SYR"]
[TimeControl "40/5400+30:1800+30"]

1. e4 {(00:00} c5 {(00:00} 2. Nf3 {(00:00} e6 {(
00:03} 3. d4 {(00:00} cxd4 {(00:16} 4. Nxd4 {(00:11}
Nf6 {(00:24} 5. Nc3 {(00:22} Nc6 {(00:39} 6. Ndb5 {
(01:01} d6 {(00:54} 7. Bf4 {(00:29} e5 {(01:03}
8. Bg5 {(00:21} a6 {(01:14} 9. Na3 {(00:28} b5 {
(00:51} 10. Nd5 {(00:28} Be6 {(02:46} 11. Bxf6 {
(11:40} gxf6 {(00:12} 12. c3 {(09:31} Bg7 {(02:
34} 13. Be2 {(02:58} O-O {(03:01} 14. O-O {(03:23} Ne7
{(06:43} 15. Nxe7+ {(19:23} Qxe7 {(00:13} 16. Qd3 {
(01:42} Rfd8 {(09:45} 17. f4 {(13:56} d5 {(11:
01} 18. Qe3 {(09:07} dxe4 {(06:32} 19. Qxe4 {(02:24}
Qc5+ {(01:27} 20. Kh1 {(03:27} f5 {(00:58} 21. Qc2 {
(06:54} e4 {(03:24} 22. Rad1 {(05:07} Rac8 {(10:
25} 23. Qc1 {(02:47} Bxa2 {(02:43} 24. Nc2 {(02:10}
Bb3 {(03:07} 25. Rd2 {(01:23} Qc7 {(10:54} 26. Rfd1 {
(01:26} Bh6 {(04:16} 27. Rxd8+ {(01:04} Rxd8 {(
00:29} 28. Rxd8+ {(00:10} Qxd8 29. Nd4 {(00:07} Be6 {(
01:13} 30. Qe3 {(01:31} Bg7 {(03:20} 31. Nxe6 {(00:59}
fxe6 {(00:12} 32. g3 {(00:15} Qd6 {(01:34} 33. Qc1 {
(00:59} Qc5 {(01:27} 34. Qd1 {(00:33} Qc7 {(04:
11} 35. Qd2 {(00:32} Bf6 {(00:47} 36. g4 {(00:30} Qc6
{(00:59} 37. Qe3 {(00:32} Be7 {(01:16} 38. gxf5 {
(00:27} exf5 {(00:15} 39. Qg3+ {(00:33} Kh8 {(
01:36} 40. Qh3 {(00:00} Qd5 {(00:00} 41. c4 {(14:02}
Qd2 {(09:12} 42. Qc3+ {(12:05} Qxc3 {(00:45} 43. bxc3 {
(00:06} b4 {(04:59} 44. cxb4 {(00:37} Bxb4 {(00:
05} 45. c5 {(01:28} a5 {(01:11} 46. c6 {(01:35} Bd6 {
(00:05} 47. Bc4 {(00:52} Kg7 48. Kg2 {(00:59} Bxf4 {
(00:40} 49. h3 {(00:36} Kf6 {(00:23} 50. Kf2 {(
01:04} Bc7 {(01:02} 51. h4 {(00:36} a4 {(00:38} 52.
Ke3 {(00:32} Ke5 {(00:16} 53. h5 {(00:17} h6 {(
00:08} 54. Ba2 {(00:45} f4+ {(00:13} 55. Ke2 {(00:15}
f3+ {(00:18} 56. Ke1 {(00:12} Kf4 {(01:02} 57. Kf1 {
(00:22} e3 {(00:21} 58. Ke1 {(00:36} e2 {(00:28]
} 59. Bd5 {(00:39} Ke3 {(00:17} 0-1

[Event "42nd Olympiad Baku 2016 Women"]
[Site "Baku"]
[Date "2016.09.08"]
[Round "6.15"]
[White "Kolaric, Spela"]
[Black "Gevorgyan, Irina"]
[Result "1-0"]
[ECO "D11"]
[WhiteElo "2079"]
[BlackElo "2324"]
[Annotator ""]
[PlyCount "55"]
[EventDate "2016.??.??"]
[EventType "team-tourn"]
[EventCountry "AZE"]
[SourceTitle "playchess.com"]
[Source "ChessBase"]
[WhiteTeam "Slovenia"]
[BlackTeam "Uzbekistan"]
[WhiteTeamCountry "SLO"]
[BlackTeamCountry "UZB"]
[TimeControl "40/5400+30:1800+30"]

1. d4 {(00:00} d5 {(00:00} 2. c4 {(00:00} c6 {(
00:00} 3. Nf3 {(00:00} Nf6 {(00:00} 4. e3 {(00:16} e6
{(00:03} 5. b3 {(00:41} c5 {(05:46} 6. Be2 {(05:
54} Nc6 {(01:57} 7. O-O {(00:46} dxc4 {(01:15} 8. bxc4
{(01:14} cxd4 {(01:57} 9. exd4 {(00:31} Be7 {(
00:09} 10. Nc3 {(02:57} O-O {(00:29} 11. Bf4 {(04:10}
Nh5 {(09:18} 12. Be3 {(02:34} Qa5 {(00:54} 13. Qb3 {
(03:42} Qf5 {(23:50} 14. d5 {(07:38} Na5 {(05:
11} 15. Qb5 {(05:16} b6 {(00:47} 16. Nd4 {(01:43} Qe5
{(05:10} 17. dxe6 {(03:30} Bc5 {(00:15} 18. e7 {
(08:15} Qxe7 {(02:18} 19. Bxh5 {(00:52} Bd7 {(
03:43} 20. Nd5 {(07:08} Qd8 {(02:16} 21. Qb1 {(04:25}
Nxc4 {(00:16} 22. Qd3 {(08:21} Nxe3 {(08:25} 23. fxe3 {
(00:34} Qg5 {(02:50} 24. Bf3 {(00:48} Rad8 {(00:
16} 25. Kh1 {(06:07} Be6 {(02:53} 26. e4 {(03:53} Rd7
{(06:06} 27. Nxe6 {(02:33} fxe6 {(00:06} 28. Nf6+ {
(00:10} 1-0

[Event "42nd Olympiad Baku 2016 Women"]
[Site "Baku"]
[Date "2016.09.08"]
[Round "6.12"]
[White "Kouvatsou, Maria"]
[Black "Estrada, Lucia"]
[Result "1-0"]
[ECO "C01"]
[WhiteElo "2085"]
[BlackElo "1941"]
[Annotator ""]
[PlyCount "57"]
[EventDate "2016.??.??"]
[EventType "team-tourn"]
[EventCountry "AZE"]
[SourceTitle "playchess.com"]
[Source "ChessBase"]
[WhiteTeam "Greece"]
[BlackTeam "Bolivia"]
[WhiteTeamCountry "GRE"]
[BlackTeamCountry "BOL"]
[TimeControl "40/5400+30:1800+30"]

1. e4 {(00:00} e6 {(00:00} 2. d4 {(00:00} d5 {(
00:00} 3. exd5 {(00:00} exd5 {(00:12} 4. c4 {(00:36}
Bb4+ {(01:00} 5. Nc3 {(06:23} Ne7 {(01:39} 6. Bd3 {
(04:06} Nbc6 {(00:32} 7. Nge2 {(10:23} Be6 {(13:
13} 8. cxd5 {(05:20} Nxd5 {(04:11} 9. O-O {(00:33}
Nce7 {(33:57} 10. Qc2 {(07:12} Qd7 {(11:43} 11. Ne4 {
(05:41} h6 {(03:37} 12. a3 {(01:11} Bd6 {(00:29]
} 13. Bd2 {(05:59} O-O {(02:26} 14. Rad1 {(04:34} c6 {
(05:04} 15. Nxd6 {(08:40} Qxd6 {(00:03} 16. Ng3 {
(01:12} f5 {(05:49} 17. Rfe1 {(01:03} Rae8 {(04:
21} 18. Re5 {(01:45} Qd7 {(01:48} 19. Rde1 {(03:36}
Ng6 {(03:35} 20. R5e2 {(13:24} Ngf4 {(00:37} 21. Bxf4 {
(05:15} Nxf4 {(00:02} 22. Re5 {(00:18} Qxd4 {(
02:14} 23. Bc4 {(00:29} Rf6 {(03:36} 24. Nxf5 {(01:45}
Qd7 {(00:33} 25. Qe4 {(02:00} Bxc4 {(00:35} 26. Rxe8+ {
(01:25} Kh7 {(00:01} 27. Ng3+ {(02:20} Ng6 {(00:
43} 28. Qxc4 {(00:23} Nf8 {(01:04} 29. h4 1-0

[Event "42nd Olympiad Baku 2016 Women"]
[Site "Baku"]
[Date "2016.09.08"]
[Round "6.32"]
[White "Kruk, Karina"]
[Black "Lakinska, Simona"]
[Result "1/2-1/2"]
[ECO "A59"]
[WhiteElo "1766"]
[BlackElo "1695"]
[Annotator ""]
[PlyCount "97"]
[EventDate "2016.??.??"]
[EventType "team-tourn"]
[EventCountry "AZE"]
[SourceTitle "playchess.com"]
[Source "ChessBase"]
[WhiteTeam "Ireland"]
[BlackTeam "Macedonia"]
[WhiteTeamCountry "IRL"]
[BlackTeamCountry "MKD"]
[TimeControl "40/5400+30:1800+30"]

1. d4 {(00:00} Nf6 {(00:00} 2. c4 {(00:00} c5 {(
00:13} 3. d5 {(00:00} b5 {(00:09} 4. cxb5 {(00:00} a6
{(00:10} 5. bxa6 {(00:03} Bxa6 {(00:23} 6. Nc3 {
(00:16} d6 {(00:56} 7. e4 {(00:25} Bxf1 {(00:14]
} 8. Kxf1 {(00:08} g6 {(01:17} 9. Nf3 {(00:28} Nbd7 {
(01:00} 10. g3 {(01:41} Bg7 {(00:16} 11. Kg2 {(
00:17} O-O {(00:18} 12. a4 {(01:54} Qa5 {(06:25} 13.
Qc2 {(05:47} Rfb8 {(03:26} 14. Ra3 {(06:28} Ng4 {
(12:35} 15. Bg5 {(06:51} Kf8 {(09:40} 16. Nb5 {(
08:38} Nge5 {(04:59} 17. Nxe5 {(02:50} Nxe5 {(09:42}
18. Bd2 {(11:22} Qd8 {(06:14} 19. Rb1 {(09:09} Qc8 {
(13:25} 20. f4 {(16:06} Nd7 {(04:46} 21. Bc3 {(
05:49} Nf6 {(10:34} 22. Re1 {(03:54} Ra6 {(02:46} 23.
Bxf6 {(04:10} exf6 {(03:28} 24. Qc4 {(02:59} Kg8 {
(01:52} 25. Re2 {(04:20} Rab6 {(01:37} 26. b3 {(
00:37} Qd7 {(01:06} 27. Re3 {(05:16} Re8 {(01:38} 28.
Ra2 {(00:32} Qg4 {(02:25} 29. Rae2 {(01:25} Bh6 {
(00:48} 30. h3 {(00:51} Qd7 {(00:18} 31. Rc3 {(
00:19} Bg7 {(00:27} 32. Rcc2 {(00:02} h5 {(01:28} 33.
Qd3 {(02:20} Rb7 {(00:40} 34. Rc4 {(00:58} Rc8 {
(00:21} 35. Qc2 {(00:21} Rcb8 {(00:37} 36. b4 {(
00:25} cxb4 {(00:34} 37. Rxb4 {(00:02} Qd8 {(00:56}
38. Rc4 {(01:13} Ra8 {(00:19} 39. Rc6 {(00:28} Bf8 {
(00:42} 40. Qc4 {(00:00} Rb6 {(00:00} 41. Rc2 {(
04:50} Rba6 {(08:04} 42. Rxa6 {(01:56} Rxa6 {(00:11}
43. Ra2 {(04:04} Ra5 {(04:10} 44. Qc6 {(12:50} Kg7 {
(05:56} 45. Kf3 {(00:22} Ra8 {(02:48} 46. Qc7 {(
01:53} Qe8 {(03:48} 47. Qc6 {(01:43} Qd8 {(00:34} 48.
Nc7 {(01:42} Qb8 {(02:39} 49. Nb5 {(01:51} 1/2-1/2

[Event "42nd Olympiad Baku 2016 Women"]
[Site "Baku"]
[Date "2016.09.08"]
[Round "6.16"]
[White "Kurbonboeva, Sarvinoz"]
[Black "Vidic, Teja"]
[Result "1-0"]
[ECO "D10"]
[WhiteElo "2223"]
[BlackElo "2121"]
[Annotator ""]
[PlyCount "61"]
[EventDate "2016.??.??"]
[EventType "team-tourn"]
[EventCountry "AZE"]
[SourceTitle "playchess.com"]
[Source "ChessBase"]
[WhiteTeam "Uzbekistan"]
[BlackTeam "Slovenia"]
[WhiteTeamCountry "UZB"]
[BlackTeamCountry "SLO"]
[TimeControl "40/5400+30:1800+30"]

1. d4 {(00:00} d5 {(00:00} 2. c4 {(00:00} c6 {(
00:00} 3. cxd5 {(00:00} cxd5 {(00:00} 4. Bf4 {(00:00}
Nc6 {(01:42} 5. e3 {(00:01} Bf5 {(01:44} 6. Qb3 {
(12:35} Na5 {(13:05} 7. Bb5+ {(05:45} Bd7 {(01:
14} 8. Qxd5 {(02:44} Nf6 {(00:12} 9. Bxd7+ {(02:08}
Nxd7 {(00:05} 10. Nc3 {(03:11} e6 {(01:26} 11. Qg5 {
(10:23} Qb6 {(05:43} 12. Nge2 {(09:52} h6 {(05:
20} 13. Qb5 {(01:23} Bb4 {(03:56} 14. O-O {(03:42} Rc8
{(05:05} 15. Rac1 {(05:11} O-O {(28:18} 16. Qxd7 {
(11:14} Nc6 {(00:27} 17. d5 {(00:23} Rfd8 {(02:
44} 18. dxc6 {(00:37} Rxd7 {(03:42} 19. cxd7 {(00:05}
Rd8 {(00:45} 20. Rfd1 {(08:40} f6 {(02:43} 21. Nd5 {
(03:27} exd5 {(01:14} 22. Bc7 {(00:11} Qe6 {(00:
59} 23. Bxd8 {(00:13} Qxd7 {(00:05} 24. Bc7 {(00:05}
Qa4 {(04:20} 25. a3 {(00:58} Ba5 {(00:52} 26. Rxd5 {
(02:05} Bxc7 {(00:17} 27. Rxc7 {(00:06} Qb3 {(
00:51} 28. Rd8+ {(00:49} Kh7 {(00:07} 29. Rdd7 {(00:08]
} Qxb2 {(00:13} 30. Rxg7+ {(00:11} Kh8 {(00:03} 31.
Rgd7 {(00:35} 1-0

[Event "42nd Olympiad Baku 2016 Women"]
[Site "Baku"]
[Date "2016.09.08"]
[Round "6.8"]
[White "Lahav, Michal"]
[Black "Bogdan, Ekaterina"]
[Result "1/2-1/2"]
[ECO "C06"]
[WhiteElo "2054"]
[BlackElo "2120"]
[Annotator ""]
[PlyCount "161"]
[EventDate "2016.??.??"]
[EventType "team-tourn"]
[EventCountry "AZE"]
[SourceTitle "playchess.com"]
[Source "ChessBase"]
[WhiteTeam "Israel"]
[BlackTeam "Belarus"]
[WhiteTeamCountry "ISR"]
[BlackTeamCountry "BLR"]
[TimeControl "40/5400+30:1800+30"]

1. e4 {(00:00} e6 {(00:00} 2. d4 {(00:00} d5 {(
00:00} 3. Nd2 {(00:00} Nf6 {(00:00} 4. e5 {(00:00}
Nfd7 {(00:06} 5. Bd3 {(00:00} c5 {(00:27} 6. c3 {
(00:00} Nc6 {(00:14} 7. Ne2 {(00:06} cxd4 {(00:
39} 8. cxd4 {(00:07} f6 {(00:42} 9. Nf4 {(00:11} Nxd4
{(01:02} 10. Qh5+ {(00:07} Ke7 {(00:28} 11. exf6+ {
(01:18} Nxf6 {(01:21} 12. Ng6+ {(00:09} hxg6 {(
00:06} 13. Qxh8 {(00:14} Kf7 {(00:46} 14. O-O {(00:09}
e5 {(01:54} 15. Nb3 {(00:08} Nxb3 {(00:37} 16. axb3 {
(00:03} Bf5 {(00:35} 17. Bxf5 {(00:05} gxf5 {(
00:06} 18. Bg5 {(00:10} Be7 {(12:10} 19. Qh3 {(00:51}
Qd7 {(09:03} 20. Rac1 {(03:35} d4 {(05:06} 21. Rfe1 {
(05:01} Bd6 {(08:17} 22. Rcd1 {(39:13} Re8 {(18:
41} 23. Bxf6 {(09:39} Kxf6 {(02:46} 24. Qh4+ {(13:49}
Kf7 {(01:17} 25. Qh5+ {(00:18} Kf8 {(01:26} 26. Kh1 {
(04:08} Bc5 {(08:52} 27. Re3 {(01:34} Qf7 {(02:
11} 28. Rh3 {(06:56} Qxh5 {(03:51} 29. Rxh5 {(00:09}
g6 {(00:11} 30. Rh8+ {(06:18} Kf7 {(00:14} 31. Rxe8 {
(04:45} Kxe8 {(00:05} 32. g4 {(02:33} Ke7 {(04:
36} 33. gxf5 {(00:07} gxf5 {(00:04} 34. Kg2 {(02:18}
Kf6 {(00:26} 35. f3 {(02:37} e4 {(01:52} 36. fxe4 {
(00:03} fxe4 {(00:03} 37. Re1 {(00:49} Kf5 {(00:
28} 38. Rf1+ {(00:19} Ke5 {(01:08} 39. h4 {(00:27} d3
{(00:59} 40. h5 {(00:00} Be3 {(00:00} 41. Rh1 {(
21:09} d2 {(09:54} 42. h6 {(03:21} Bxh6 {(03:58} 43.
Kf2 {(00:05} e3+ {(13:38} 44. Ke2 {(00:08} Bg5 {
(00:31} 45. Rh7 {(04:57} Bd8 {(00:53} 46. Rxb7 {
(02:03} Bb6 {(00:07} 47. Rh7 {(00:10} Kd5 {(02:
43} 48. Rh5+ {(00:19} Kc6 {(00:39} 49. Rf5 {(00:38}
Bd4 {(01:29} 50. Ra5 {(00:53} Bc5 {(01:20} 51. Ra4 {
(01:14} Kb5 {(00:34} 52. Re4 {(00:11} Kc6 {(03:
07} 53. Ra4 {(00:44} Kd5 {(01:15} 54. Ra5 {(00:11} Kd6
{(02:06} 55. Ra4 {(00:21} Bb6 {(00:11} 56. Rc4 {
(00:16} Ke5 {(00:10} 57. Ra4 {(00:13} Bd4 {(00:
46} 58. Ra6 {(01:00} Kf4 {(06:51} 59. Ra4 {(00:24} Ke4
{(00:14} 60. Ra1 {(00:55} a5 {(03:07} 61. Rxa5 {
(01:04} Bxb2 {(00:55} 62. Rc5 {(00:42} Bd4 {(00:
53} 63. Rc8 {(00:40} Kd5 {(02:08} 64. b4 {(00:17} Bb6
{(00:22} 65. b5 {(01:10} Ba5 {(01:01} 66. Rc2 {(
00:38} Bb6 {(00:31} 67. Rc3 {(00:33} Kd4 {(00:27} 68.
Rc6 {(00:07} Ba5 {(00:09} 69. Ra6 {(00:30} Bb4 {
(00:43} 70. Ra4 {(01:03} Kc3 {(00:35} 71. b6 {(
00:11} Kc2 {(00:45} 72. Ra1 {(00:36} Bd6 {(00:31} 73.
b7 {(00:24} Be5 {(00:19} 74. Rf1 {(00:39} Bf4 {(
00:35} 75. Rg1 {(00:49} Bh2 {(00:21} 76. Rh1 {(00:27}
Be5 {(00:17} 77. Rf1 {(00:19} Bd6 {(00:25} 78. Ra1 {
(00:22} Be5 {(00:13} 79. Rd1 {(00:36} Bf4 {(00:
20} 80. Rg1 {(00:41} Bh2 {(00:10} 81. Rf1 {(00:39}
1/2-1/2

[Event "42nd Olympiad Baku 2016 Women"]
[Site "Baku"]
[Date "2016.09.08"]
[Round "6.3"]
[White "Lanchava, Tea"]
[Black "Eric, Jovana"]
[Result "1-0"]
[ECO "A11"]
[WhiteElo "2258"]
[BlackElo "2161"]
[Annotator ""]
[PlyCount "140"]
[EventDate "2016.??.??"]
[EventType "team-tourn"]
[EventCountry "AZE"]
[SourceTitle "playchess.com"]
[Source "ChessBase"]
[WhiteTeam "Netherlands"]
[BlackTeam "Serbia"]
[WhiteTeamCountry "NED"]
[BlackTeamCountry "SRB"]
[TimeControl "40/5400+30:1800+30"]

1. c4 {(00:00} c6 {(00:00} 2. Nf3 {(01:38} d5 {(
00:28} 3. e3 {(00:30} Nf6 {(00:54} 4. Nc3 {(00:19} e6
{(03:38} 5. b3 {(00:29} Nbd7 {(00:30} 6. Bb2 {(
00:13} Bd6 {(00:48} 7. Be2 {(00:18} O-O {(00:34} 8.
O-O {(00:08} b6 {(03:32} 9. Rc1 {(01:37} Bb7 {(
00:44} 10. Qc2 {(02:42} Rc8 {(03:23} 11. Qb1 {(03:18}
c5 {(06:48} 12. cxd5 {(10:51} exd5 {(00:27} 13. d4 {
(05:36} a6 {(10:20} 14. Rfd1 {(01:35} Re8 {(03:
07} 15. h3 {(05:29} Qe7 {(07:15} 16. Nh4 {(07:34} g6 {
(02:11} 17. Nf3 {(03:10} Ne4 {(12:43} 18. Nxe4 {
(05:14} dxe4 {(00:38} 19. Nh2 {(02:33} h5 {(04:
21} 20. dxc5 {(05:29} Nxc5 {(00:15} 21. Qa1 {(02:20}
Nd7 {(13:29} 22. Nf1 {(06:46} Rxc1 {(00:46} 23. Qxc1 {
(01:05} Ne5 {(00:23} 24. a3 {(07:11} Rc8 {(01:
52} 25. Qa1 {(00:43} Bb8 {(02:54} 26. Nd2 {(06:07} b5
{(08:32} 27. a4 {(04:23} Qg5 {(00:11} 28. axb5 {
(02:14} axb5 {(00:48} 29. Nf1 {(07:09} Rc2 {(03:
40} 30. h4 {(02:19} Qf6 {(01:31} 31. Rd2 {(00:06} Rxd2
{(05:23} 32. Nxd2 {(00:06} Qf5 {(00:42} 33. Qa5 {
(01:44} Qd7 {(01:57} 34. Bxb5 {(00:26} Qd6 {(00:
48} 35. Qc3 {(00:54} f6 {(00:51} 36. g3 {(00:19} Kg7 {
(00:25} 37. Be2 {(00:42} Nf3+ {(00:47} 38. Nxf3 {
(01:10} exf3 {(00:04} 39. Bd3 {(00:53} Qe6 {(00:
45} 40. Qb4 {(00:00} Qd7 {(00:00} 41. Ba3 {(02:53} Be5
{(09:35} 42. Qf8+ {(04:45} Kh7 {(00:05} 43. Qe7+ {
(01:06} Qxe7 {(00:06} 44. Bxe7 {(00:06} Kg7 {(
01:21} 45. Bc4 {(01:44} Bc3 {(01:33} 46. b4 {(00:50}
Bd2 {(03:23} 47. b5 {(01:41} Ba5 {(00:10} 48. Bc5 {
(00:39} g5 {(01:55} 49. Be6 {(01:02} gxh4 {(01:
26} 50. gxh4 {(00:07} Bc7 {(02:33} 51. Bf5 {(00:48}
Kf7 {(01:55} 52. Kf1 {(01:08} Ba5 {(02:22} 53. e4 {
(00:30} Bc3 {(00:44} 54. Bd6 {(00:36} Ba5 {(01:
47} 55. Kg1 {(00:46} Bb6 {(00:38} 56. Bb4 {(01:05} Bd4
{(00:18} 57. Bd2 {(01:15} Be5 {(03:14} 58. Kf1 {
(00:21} Ke7 {(00:16} 59. Ke1 {(00:24} Kd6 {(00:
41} 60. Bb4+ {(01:09} Kc7 {(00:14} 61. Bc5 {(00:15}
Bc3+ {(01:59} 62. Kd1 {(00:06} Ba5 {(03:47} 63. Kc2 {
(01:13} Bb6 {(00:17} 64. Bxb6+ {(00:22} Kxb6 {(
00:05} 65. Kd3 {(00:03} Kxb5 {(00:29} 66. Bg6 {(00:25}
Kc5 {(00:16} 67. Bxh5 {(00:30} Kd6 {(00:09} 68. Ke3 {
(02:16} f5 {(01:00} 69. exf5 {(00:58} Ke5 {(00:
04} 70. Bg6 {(00:05} Kf6 {(00:29] Ke4} 1-0

[Event "42nd Olympiad Baku 2016 Women"]
[Site "Baku"]
[Date "2016.09.08"]
[Round "6.25"]
[White "Latreche, Sabrina"]
[Black "Antonova, Nadezhda"]
[Result "0-1"]
[ECO "A04"]
[WhiteElo "2059"]
[BlackElo "2015"]
[Annotator ""]
[PlyCount "86"]
[EventDate "2016.??.??"]
[EventType "team-tourn"]
[EventCountry "AZE"]
[SourceTitle "playchess.com"]
[Source "ChessBase"]
[WhiteTeam "Algeria"]
[BlackTeam "Tajikistan"]
[WhiteTeamCountry "ALG"]
[BlackTeamCountry "TJK"]
[TimeControl "40/5400+30:1800+30"]

1. Nf3 {(00:00} d6 {(00:34} 2. d4 {(00:06} Nf6 {
(01:48} 3. Nbd2 {(02:04} c6 {(04:23} 4. e4 {(01:
55} Bg4 {(00:56} 5. h3 {(01:47} Bh5 {(00:24} 6. Be2 {
(08:57} e6 {(04:51} 7. c3 {(02:59} d5 {(07:10}
8. exd5 {(05:58} cxd5 {(07:35} 9. Ne5 {(06:47} Bxe2 {
(01:16} 10. Qxe2 {(00:05} Nc6 {(06:57} 11. Ndf3 {
(06:46} Be7 {(05:22} 12. O-O {(18:42} O-O {(01:
56} 13. Re1 {(01:27} Nxe5 {(08:23} 14. Nxe5 {(00:08}
Nd7 {(10:42} 15. Nd3 {(03:02} Bd6 {(05:52} 16. Bd2 {
(06:34} Qc7 {(05:13} 17. Rac1 {(07:22} Nb6 {(04:
54} 18. Qf3 {(02:56} Nc4 {(01:44} 19. Be3 {(02:18} Qa5
{(02:30} 20. Ra1 {(03:26} Rac8 {(00:27} 21. Bc1 {
(02:22} Rc6 {(02:54} 22. a4 {(02:29} Qc7 {(02:
14} 23. b4 {(01:05} Qd7 {(03:20} 24. Ra2 {(02:09} Rfc8
{(01:41} 25. a5 {(01:20} b6 {(00:41} 26. axb6 {(
01:36} axb6 {(00:12} 27. Bf4 {(03:04} R6c7 {(04:10}
28. Rea1 {(05:04} Bxf4 {(02:28} 29. Nxf4 {(00:04} Nd6 {
(00:19} 30. Ra8 {(00:44} h6 {(00:56} 31. Ne2 {(
01:02} Qd8 {(01:03} 32. R8a7 {(00:41} Nb5 {(00:54} 33.
Rxc7 {(00:04} Rxc7 {(00:52} 34. Qd3 {(00:24} Rc4 {
(00:23} 35. Ra6 {(00:39} g6 {(00:35} 36. Qe3 {(
01:02} Kg7 {(00:26} 37. Qe5+ {(00:44} Qf6 {(01:06} 38.
Qb8 {(00:19} g5 {(01:07} 39. Ra8 {(00:10} Kg6 {(
00:20} 40. Qxb6 {(00:00} Nxc3 {(00:00} 41. Nxc3 {(03:
35} Rxc3 {(01:04} 42. Ra2 {(05:33} Rc1+ {(00:40} 43.
Kh2 {(00:07} Qf4+ {(00:13} 0-1